[Event "Titled Tuesday Blitz August 16 Late 2022"]
[White "Pichot, Alan"]
[Black "Mcconnell, Sullivan"]
[WhiteFideId "110973"]
[BlackFideId "30934885"]
[WhiteElo "2578"]
[BlackElo "2691"]
[Result "1-0"]
[Round "03"]
[TimeControl "180+1"]
[Date "2022.08.16"]
[WhiteClock "0:01:19"]
[BlackClock "0:01:03"]

1. e4 e6 2. d4 d5 3. Nc3 Nf6 4. e5 Nfd7 5. f4 c5 6. Nf3 Nc6 7. Be3 a6 8. a3 b5 9. dxc5 Bxc5 10. Bxc5 Nxc5 11. b4 Nd7 12. Bd3 Bb7 13. O-O Rc8 14. Ne2 Qb6+ 15. Kh1 g6 16. c3 h5 17. Qd2 Qc7 18. a4 bxa4 19. Rxa4 a5 20. Ra3 axb4 21. cxb4 Qb6 22. b5 Ne7 23. Ned4 Nc5 24. Rc1 Nxd3 25. Rxd3 Rxc1+ 26. Qxc1 Kd7 27. Rc3 Rc8 28. h3 Nf5 29. Rxc8 Bxc8 30. Qc3 Ng3+ 31. Kh2 Ne4 32. Qa3 Nc5 33. Ng5 Ke8 34. Nh7 Kd8 35. Nf6 Kc7 36. Ne8+ Kd8 37. Nd6 Bd7 38. Qxc5 1-0


[Site "https://www.chess.com"]

[Event "Titled Tuesday Blitz August 16 Late 2022"]
[White "Pinheiro, Iung Alicio de O."]
[Black "Altman, Joshua"]
[WhiteFideId "2104350"]
[BlackFideId "426210"]
[WhiteElo "2320"]
[BlackElo "2156"]
[Result "1-0"]
[Round "03"]
[TimeControl "180+1"]
[Date "2022.08.18"]
[WhiteClock "0:00:00"]
[BlackClock "0:00:00"]

1. e4 e6 2. d4 d5 3. e5 c5 4. c3 Nc6 5. Nf3 Qb6 6. Bd3 cxd4 7. O-O Bd7 8. Re1 h5 9. a3 Be7 10. b4 dxc3 11. Nxc3 Nh6 12. Bb2 Ng4 13. Re2 g6 14. h3 Nh6 15. Nxd5 exd5 16. e6 Bxe6 17. Bxh8 O-O-O 18. Bg7 Nf5 19. Bxf5 Bxf5 20. Bd4 Nxd4 21. Rxe7 Nc6 22. Rc1 Kb8 23. Rxf7 Be4 24. Qd2 a6 25. Qf4+ Ka7 26. Ne5 Nd4 27. Qe3 Ka8 28. Rcc7 Re8 29. Rxb7 Qxb7 30. Rxb7 Kxb7 31. Qxd4 1-0


[Site "https://www.chess.com"]

[Event "Titled Tuesday Blitz August 16 Late 2022"]
[White "Pires, Marcos Vinicius Torsani"]
[Black "Foerster-Yialamas, Lucas"]
[WhiteFideId "2118939"]
[BlackFideId "30901774"]
[WhiteElo "2273"]
[BlackElo "1804"]
[Result "1-0"]
[Round "03"]
[TimeControl "180+1"]
[Date "2022.08.18"]
[WhiteClock "0:00:00"]
[BlackClock "0:00:00"]

1. d4 Nf6 2. Bf4 g6 3. e3 Bg7 4. Nf3 d6 5. h3 Bd7 6. Be2 O-O 7. O-O Nd5 8. Bh2 c5 9. e4 Nb6 10. c3 cxd4 11. cxd4 Nc6 12. Nc3 Rc8 13. Rc1 a6 14. Re1 h6 15. Bf4 Kh7 16. Qd2 e5 17. Be3 exd4 18. Nxd4 Nxd4 19. Bxd4 Nc4 20. Bxc4 Rxc4 21. Bxg7 Kxg7 22. Qxd6 Be6 23. Rcd1 Qxd6 24. Rxd6 Rfc8 25. f3 Rb4 26. Re2 a5 27. Red2 b5 28. a3 Rb3 29. Nd5 Bxd5 30. exd5 Rc1+ 31. Kh2 Rb1 32. Rb6 R1xb2 33. Rxb2 Rxb2 34. d6 a4 35. d7 Rd2 36. Rxb5 Rxd7 37. Rb4 Ra7 38. Kg3 g5 39. Kf2 Kg6 40. Ke3 Re7+ 41. Kd3 Ra7 42. Kc4 Rc7+ 43. Kd3 Ra7 44. g3 h5 45. h4 gxh4 46. Rxh4 Kg5 47. Rb4 f5 48. Rc4 Rb7 49. Rb4 Rd7+ 50. Rd4 Ra7 51. Kc3 Re7 52. Kd3 Rb7 53. Rb4 Rd7+ 54. Rd4 Rb7 55. Rxa4 Rb3+ 56. Ke2 Rb2+ 57. Ke3 Rb3+ 58. Kf2 Rb2+ 59. Kf1 Ra2 60. Ra8 h4 61. Rg8+ Kf6 62. gxh4 Rxa3 63. Kf2 f4 64. Rf8+ Ke5 65. Re8+ Kf5 66. Rf8+ Ke5 67. h5 Ra2+ 68. Kg1 Ra7 69. Rg8 Kf5 70. Rf8+ Kg5 71. Kg2 Kxh5 72. Rxf4 Kg5 73. Rb4 Ra2+ 74. Kg3 Ra3 75. Rb5+ Kg6 76. Kg4 Ra4+ 77. f4 Kg7 78. Rb7+ Kf6 79. Rb8 Ra1 80. Rc8 Rg1+ 81. Kf3 Rf1+ 82. Kg3 Rg1+ 83. Kf2 Ra1 84. Rc4 Kf5 85. Kf3 Ra3+ 86. Kf2 Ra2+ 87. Kg3 Ra3+ 88. Kh4 Ra8 89. Kg3 Ra3+ 90. Kh4 Ra8 91. Kh3 Rg8 92. Rb4 Rg7 93. Rc4 Rg8 94. Ra4 Rg6 95. Rb4 Rg7 96. Ra4 Rh7+ 97. Kg3 Rb7 98. Ra5+ Kf6 99. Kg4 Rb6 100. Rc5 Kg6 101. Rd5 Kf6 102. Rf5+ Kg6 103. Ra5 Rb1 104. Ra6+ Kf7 105. Kg5 Rb5+ 106. f5 Rb7 107. Ra8 Rb1 108. Ra7+ Kg8 109. Kg6 Rg1+ 110. Kf6 Rf1 111. Ra8+ Kh7 112. Rf8 Re1 113. Kf7 Ra1 114. Re8 Ra7+ 115. Re7 Ra8 116. f6 Rb8 117. Re8 Rb7+ 118. Kf8 Rb1 119. f7 Rf1 120. Re2 Kg6 121. Rg2+ Kh7 122. Rg4 Re1 123. Rh4+ Kg6 124. Kg8 Kg5 125. Rh2 Rg1 126. f8=Q Kg4 127. Qg7+ Kf3 128. Qxg1 Ke4 129. Rf2 Ke5 130. Qe1+ Kd4 131. Rd2+ Kc4 132. Qc1+ Kb3 133. Rb2+ Ka3 134. Qa1# 1-0


[Site "https://www.chess.com"]

[Event "Titled Tuesday Blitz August 16 Late 2022"]
[White "Poltorak, Sebastian"]
[Black "Bogaudinov, Rushan"]
[WhiteFideId "1199498"]
[BlackFideId "4129288"]
[WhiteElo "2102"]
[BlackElo "2040"]
[Result "1/2-1/2"]
[Round "03"]
[TimeControl "180+1"]
[Date "2022.08.18"]
[WhiteClock "0:00:00"]
[BlackClock "0:00:00"]

1. a3 e6 2. d4 Nf6 3. Nf3 d5 4. b4 a5 5. b5 c6 6. e3 Be7 7. a4 O-O 8. Ba3 Nbd7 9. Qd2 Re8 10. Be2 Ne4 11. Qc1 e5 12. O-O exd4 13. bxc6 bxc6 14. Nxd4 Bxa3 15. Nxa3 Qf6 16. c4 Ne5 17. cxd5 cxd5 18. Nab5 Qg6 19. Re1 Bh3 20. Bf1 Ng4 21. Re2 Rac8 22. Qe1 Ne5 23. Kh1 Nd3 24. Qxa5 Ndxf2+ 25. Kg1 Bg4 26. Rxf2 Nxf2 27. Kxf2 Qf6+ 28. Kg1 Rxe3 29. Qd2 Rce8 30. Qf2 Qg6 31. a5 Bc8 32. a6 Bxa6 33. Nc7 Bxf1 34. Nxe8 Rxe8 35. Rxf1 h5 36. Nf3 Re4 37. h3 f6 38. Qa2 Qf7 39. Rd1 d4 40. Qxf7+ Kxf7 41. Rxd4 Re2 42. Rd7+ Kg6 43. Rd2 Re3 44. Kf2 Ra3 45. Kg3 Kh6 46. Rd8 Rb3 47. Kf4 Rb4+ 48. Kg3 Rb3 49. h4 Ra3 50. Rd4 Rb3 51. Kf4 Rb2 52. g3 Rf2 53. Ke3 Ra2 54. Rd8 Ra3+ 55. Kf4 Ra4+ 56. Nd4 Kg6 57. Ke4 Ra1 58. Ne2 Ra3 59. Nf4+ Kf7 60. Nxh5 g6 61. Nf4 Rxg3 62. Rd7+ Ke8 63. Rh7 Rg4 64. Kf3 Rg1 65. Nd5 g5 66. Nxf6+ Kf8 67. hxg5 Rxg5 68. Kf4 Ra5 69. Rb7 Ra4+ 70. Kg5 Ra5+ 71. Kg6 Rg5+ 72. Kh6 Rg6+ 73. Kh5 Rxf6 74. Rb8+ Ke7 75. Rb2 Re6 76. Rd2 Rd6 77. Re2+ Kd7 78. Ra2 Rd5+ 79. Kg6 Rd6+ 80. Kf5 Kc6 81. Ke5 Rd5+ 82. Ke4 Rd1 83. Ra6+ Kd7 84. Ra7+ Kd6 85. Ra2 Kd7 86. Ke5 Re1+ 87. Kd5 Rd1+ 88. Kc4 Rc1+ 89. Kd3 Rc6 90. Ra5 Ke6 91. Kd4 Rd6+ 92. Ke4 Rb6 93. Ra4 Kf6 94. Kf4 Rc6 95. Kg4 Rb6 96. Rc4 Ke6 97. Kg5 Rb5+ 98. Kf4 Kd5 99. Rc8 Rc5 100. Rd8+ Kc4 101. Ke4 Rc7 102. Re8 Rc6 103. Re5 Rc7 104. Ke3 Rc5 105. Re4+ Kc3 106. Ke2 Rc7 107. Ra4 Rd7 108. Ra3+ Kc4 109. Ke3 Kc5 110. Rc3+ Kd6 111. Rc8 Re7+ 112. Kd4 Rd7 113. Rh8 Ke6+ 114. Ke4 Kf6 115. Rh5 Ra7 116. Rh6+ Kg7 117. Rc6 Rf7 118. Ke5 Rf8 119. Rc7+ Rf7 120. Rc8 Rf8 121. Rc7+ Rf7 122. Rc1 Ra7 123. Rg1+ Kf7 1/2-1/2


[Site "https://www.chess.com"]

[Event "Titled Tuesday Blitz August 16 Late 2022"]
[White "Pourkashiyan, Atousa"]
[Black "Ambartsumova, Karina"]
[WhiteFideId "12502014"]
[BlackFideId "4166299"]
[WhiteElo "2247"]
[BlackElo "2262"]
[Result "0-1"]
[Round "03"]
[TimeControl "180+1"]
[Date "2022.08.18"]
[WhiteClock "0:00:00"]
[BlackClock "0:00:00"]

1. e4 c5 2. Nf3 e6 3. d4 cxd4 4. Nxd4 a6 5. Nc3 Qc7 6. Be2 Nf6 7. O-O Bb4 8. Be3 Bxc3 9. bxc3 Nxe4 10. Bd3 Nf6 11. Bg5 Qxc3 12. Nb3 Nc6 13. Re1 O-O 14. Qf3 Kh8 15. Qh3 g6 16. Re3 Ng8 17. Bxg6 Qg7 18. Bd3 f5 19. Rg3 Ne5 20. Bf4 Ng6 21. Bd6 Rf7 22. Re1 b5 23. Be5 Nf6 24. Nc5 a5 25. Rb1 b4 26. Re1 Ra7 27. Rg5 Kg8 28. Qg3 Qf8 29. h4 Qxc5 30. Rxg6+ hxg6 31. Qxg6+ Rg7 32. Qxf6 Qf8 33. Qxg7+ Qxg7 34. Bxg7 Kxg7 35. Re3 Rc7 36. Rg3+ Kh6 37. Rg8 Bb7 38. g4 fxg4 39. Rxg4 Bd5 40. Kh2 Bxa2 41. Kg3 Bd5 42. Rg6+ Kh5 43. Rf6 Rc3 44. Kh2 Kxh4 45. Be2 Kg5 46. Rf8 Rxc2 0-1


[Site "https://www.chess.com"]

[Event "Titled Tuesday Blitz August 16 Late 2022"]
[White "Prydun, Andriy"]
[Black "Boros, Denes"]
[WhiteFideId "14145898"]
[BlackFideId "722340"]
[WhiteElo "2163"]
[BlackElo "2464"]
[Result "0-1"]
[Round "03"]
[TimeControl "180+1"]
[Date "2022.08.16"]
[WhiteClock "0:00:02"]
[BlackClock "0:02:18"]

1. d4 g6 2. e4 d5 3. exd5 Qxd5 4. Nc3 Qd8 5. h3 Bg7 6. Nf3 Nh6 7. g3 Nf5 8. Ne2 c5 9. d5 e6 10. g4 Nd4 11. Nexd4 cxd4 12. dxe6 Bxe6 13. Bd3 Nc6 14. a3 Qd6 15. Bg5 h6 16. Bh4 O-O 17. Bg3 Qd5 18. Qe2 Rae8 19. O-O-O Qa2 20. Kd2 Qxb2 0-1


[Site "https://www.chess.com"]

[Event "Titled Tuesday Blitz August 16 Late 2022"]
[White "Rasulov, Vugar"]
[Black "Rostovtsev, Dmitry"]
[WhiteFideId "13402390"]
[BlackFideId "34278320"]
[WhiteElo "2509"]
[BlackElo "2295"]
[Result "1-0"]
[Round "03"]
[TimeControl "180+1"]
[Date "2022.08.16"]
[WhiteClock "0:01:24"]
[BlackClock "0:00:04"]

1. Nf3 Nf6 2. c4 e6 3. g3 d5 4. Bg2 Be7 5. O-O O-O 6. d4 dxc4 7. Qa4 a6 8. Qxc4 b5 9. Qc2 Bb7 10. Bd2 Be4 11. Qc1 Bb7 12. Qc2 Be4 13. Qb3 c5 14. dxc5 Nbd7 15. Nc3 Nxc5 16. Qd1 Bb7 17. Bf4 Nd5 18. Nxd5 Bxd5 19. Rc1 Bxa2 20. Ne5 Bd5 21. Bxd5 exd5 22. Nc6 Qd7 23. Qxd5 Rfe8 24. Rxc5 Qxd5 25. Rxd5 Bf6 26. Be5 Bxe5 27. Rxe5 Rxe5 28. Nxe5 Re8 29. Rc1 h5 30. Nc6 Rxe2 31. b4 h4 32. gxh4 Re4 33. Kg2 Rxh4 34. f3 g5 35. Kg3 f6 36. Ra1 Rc4 37. Rxa6 Kf7 38. Rb6 Ke8 39. Na7 Rxb4 40. Rxf6 Rb1 41. Rf5 b4 42. Rxg5 b3 43. Rb5 b2 44. Rb8+ Kf7 45. Rb7+ Kg6 46. Rb6+ Kg7 47. Kf4 Ra1 48. Rxb2 Rxa7 49. h4 Ra4+ 50. Kg5 Ra5+ 51. Kg4 Rc5 52. f4 Ra5 53. Rb7+ Kh6 54. Rb6+ Kg7 55. h5 Ra1 56. Kg5 Rg1+ 57. Kf5 Rh1 58. h6+ Kh7 59. Re6 Rg1 60. Kf6 Rg6+ 61. Kf7 Rg4 62. f5 Rf4 63. f6 Kxh6 64. Re1 Ra4 65. Rh1+ Kg5 66. Kg7 Ra7+ 67. f7 Rxf7+ 68. Kxf7 Kg4 69. Rh6 Kg3 70. Rf6 1-0


[Site "https://www.chess.com"]

[Event "Titled Tuesday Blitz August 16 Late 2022"]
[White "Remolar Gallen, Jose"]
[Black "Espinosa Veloz, Ermes"]
[WhiteFideId "2215187"]
[BlackFideId "3507424"]
[WhiteElo "2305"]
[BlackElo "2496"]
[Result "0-1"]
[Round "03"]
[TimeControl "180+1"]
[Date "2022.08.18"]
[WhiteClock "0:00:00"]
[BlackClock "0:00:00"]

1. d4 Nf6 2. Nf3 g6 3. Nbd2 Bg7 4. e4 d6 5. Bd3 O-O 6. O-O c5 7. c3 Nc6 8. Re1 Nh5 9. a4 cxd4 10. cxd4 Nxd4 11. Nxd4 Bxd4 12. Nc4 Bd7 13. Be2 Bg7 14. Bxh5 gxh5 15. Qxh5 Rc8 16. Bh6 Rc5 17. e5 Rxc4 18. f4 Bxh6 19. Qxh6 dxe5 20. Qg5+ Kh8 21. Qxe5+ f6 22. Qd5 Qb6+ 23. Kh1 Qc6 24. Qh5 Rc2 25. Rg1 Rg8 0-1


[Site "https://www.chess.com"]

[Event "Titled Tuesday Blitz August 16 Late 2022"]
[White "Riehle, Marco"]
[Black "Barash, Anton"]
[WhiteFideId "12904392"]
[BlackFideId "30935229"]
[WhiteElo "2462"]
[BlackElo "2088"]
[Result "1-0"]
[Round "03"]
[TimeControl "180+1"]
[Date "2022.08.18"]
[WhiteClock "0:00:00"]
[BlackClock "0:00:00"]

1. e4 e6 2. c4 d5 3. cxd5 exd5 4. Qb3 dxe4 5. Bc4 Qe7 6. Nc3 Nf6 7. d3 exd3+ 8. Be3 g6 9. Nf3 Bg7 10. O-O O-O 11. Rfe1 Be6 12. Bxe6 Qxe6 13. Qxb7 Nbd7 14. Qxc7 Rfc8 15. Qa5 Ng4 16. Bd4 Qc6 17. Bxg7 Kxg7 18. Rad1 Qc5 19. Qxc5 Nxc5 20. Ne4 Rab8 21. b3 Nxe4 22. Rxe4 Nf6 23. Ra4 Rc3 24. h3 Rd8 25. Rxa7 Rc2 26. Ne5 d2 27. Rxf7+ Kg8 28. Kf1 Ne4 29. Rf3 Nc3 30. Rxc3 Rxc3 31. Nc4 Rc1 32. Ke2 Rxd1 33. Kxd1 Ra8 34. a4 Rb8 35. Nxd2 Kf7 36. Kc2 Ke6 37. Kc3 Kd5 38. b4 Rc8+ 39. Kd3 Ra8 40. a5 Rb8 41. Kc3 Rc8+ 42. Kb3 Kd4 43. a6 Ra8 44. b5 Kc5 45. Ka4 Rd8 46. Nb3+ Kb6 47. f4 Rd1 48. Kb4 Rd3 49. g4 Rxh3 50. Nc5 Rf3 51. Na4+ Ka7 52. Ka5 Rxf4 53. b6+ Ka8 54. Nc5 Rc4 55. Kb5 Re4 56. Nxe4 1-0


[Site "https://www.chess.com"]

[Event "Titled Tuesday Blitz August 16 Late 2022"]
[White "Rios Escobar, Adan"]
[Black "Wieczorek, Oskar"]
[WhiteFideId "3403645"]
[BlackFideId "1133950"]
[WhiteElo "2430"]
[BlackElo "2302"]
[Result "0-1"]
[Round "03"]
[TimeControl "180+1"]
[Date "2022.08.16"]
[WhiteClock "0:00:04"]
[BlackClock "0:01:01"]

1. d4 Nf6 2. g3 g6 3. Bg2 Bg7 4. e4 d6 5. Ne2 O-O 6. O-O e5 7. Nbc3 Nc6 8. dxe5 Nxe5 9. f4 Nc6 10. h3 Re8 11. Be3 Bd7 12. Qd2 Rb8 13. Rae1 b5 14. a3 a5 15. Qd3 b4 16. Nd5 Nxd5 17. exd5 Ne7 18. axb4 axb4 19. Bd4 Bb5 20. Qd2 Bxd4+ 21. Qxd4 Nf5 22. Qf2 Bxe2 23. Rxe2 Rxe2 24. Qxe2 Nxg3 25. Qc4 Nxf1 26. Bxf1 Qd7 27. Kh2 b3 28. cxb3 Re8 29. Qa6 Qf5 30. Qa4 Qc2+ 31. Kg1 Re1 32. Qd4 Qe2 33. Qf2 Qxf2+ 34. Kxf2 Rb1 35. Bc4 Rxb2+ 36. Kg3 Kg7 37. Kg4 f5+ 38. Kg3 Kf6 39. Kf3 g5 40. Kg3 h6 41. h4 Rc2 42. hxg5+ hxg5 43. fxg5+ Kxg5 44. Kf3 Rc3+ 45. Kf2 Kf4 46. Ke2 Ke5 47. Kd2 Rxc4 48. bxc4 Kd4 0-1


[Site "https://www.chess.com"]

[Event "Titled Tuesday Blitz August 16 Late 2022"]
[White "Roman, Rodrigo"]
[Black "Avila Pavas, Santiago"]
[WhiteFideId "3701220"]
[BlackFideId "4437128"]
[WhiteElo "2001"]
[BlackElo "2291"]
[Result "1-0"]
[Round "03"]
[TimeControl "180+1"]
[Date "2022.08.16"]
[WhiteClock "0:00:04"]
[BlackClock "0:00:26"]

1. e4 Nf6 2. e5 Nd5 3. d4 d6 4. c4 Nb6 5. f4 dxe5 6. fxe5 Nc6 7. Nf3 Bg4 8. Be3 e6 9. Nc3 Be7 10. b3 Bxf3 11. gxf3 Bh4+ 12. Ke2 Bg5 13. f4 Bh6 14. d5 exd5 15. cxd5 Ne7 16. Bg2 Nf5 17. Qd3 Nxe3 18. Qxe3 Qh4 19. Raf1 O-O 20. Qg3 Qe7 21. Be4 Rfe8 22. Kf3 Qb4 23. Kg2 Rad8 24. Rf3 a5 25. Rd1 a4 26. bxa4 Nxa4 27. Nxa4 Qxa4 28. Re1 Qxa2+ 29. Qf2 Qa5 30. Rb1 b5 31. Rfb3 Qa4 32. Qf3 Rb8 33. Rb4 Qa2+ 34. R1b2 Qa5 35. Bd3 Qa1 36. Qe4 g6 37. Rb1 Qc3 38. R1b3 Qd2+ 39. Qe2 Bxf4 40. Qxd2 Bxd2 41. Re4 Red8 42. Bxb5 Rxd5 43. Bc4 Rxb3 44. Bxb3 Rd3 45. Bc4 Re3 46. Rxe3 Bxe3 47. Kf3 Bd4 48. Ke4 Bc5 49. Kd5 Bb6 50. Kc6 Kf8 51. Kd7 Bg1 52. h3 Bh2 53. e6 f5 54. e7+ Kg7 55. e8=Q Bd6 56. Qf7+ Kh6 57. Qd5 Kg5 58. Qf3 h5 59. Bf7 Kf6 60. Be8 h4 61. Qg2 g5 62. Qd5 g4 63. hxg4 fxg4 64. Qe4 Kg5 65. Ke6 h3 66. Qg6+ Kh4 67. Kf5 Kg3 68. Qxg4+ Kf2 69. Qxh3 Ke2 70. Bc6 Kd2 71. Ke6 Kc2 72. Kd7 Kb2 73. Qd3 Ka2 74. Bd5+ Kb2 75. Qb3+ Kc1 76. Qa2 Kd1 77. Bc4 Ke1 78. Qe2# 1-0


[Site "https://www.chess.com"]

[Event "Titled Tuesday Blitz August 16 Late 2022"]
[White "Rosenberg, Evan S"]
[Black "Kovacevic, Radmila"]
[WhiteFideId "2019299"]
[BlackFideId "933171"]
[WhiteElo "1999"]
[BlackElo "2157"]
[Result "1-0"]
[Round "03"]
[TimeControl "180+1"]
[Date "2022.08.18"]
[WhiteClock "0:00:00"]
[BlackClock "0:00:00"]

1. e4 e5 2. Bc4 Nf6 3. d3 c6 4. Nf3 d5 5. Bb3 Bd6 6. O-O Bg4 7. h3 Bh5 8. g4 dxe4 9. gxh5 exf3 10. Qxf3 Nbd7 11. h6 gxh6 12. Kh1 Rg8 13. Nc3 Qe7 14. Be3 Rg6 15. Rg1 O-O-O 16. Ne4 Bb8 17. Ng3 Rxg3 18. fxg3 Qd6 19. Qf5 Nd5 20. Bf2 Rg8 21. Rae1 Rg5 22. Qxf7 N7f6 23. Be3 Rg8 24. Bxd5 cxd5 25. Ref1 Rf8 26. Qg7 d4 27. Bxh6 Qd5+ 28. Rg2 Rf7 29. Qh8+ Kd7 30. Rxf6 Rxf6 31. Qxf6 e4 32. dxe4 Qxe4 33. Qf7+ Kc6 34. Qc4+ Kd7 35. Qb5+ Kd8 36. Bg5+ Kc8 37. Qc5+ Bc7 38. Bf4 Qe1+ 39. Kh2 Qa5 40. Qxc7+ Qxc7 41. Bxc7 Kxc7 42. Rd2 Kc6 43. Rxd4 Kc5 44. Rh4 b5 45. Rxh7 a5 46. Rh4 b4 47. b3 Kd5 48. Rc4 Kd6 49. h4 Kd5 50. h5 Kd6 51. h6 Kd5 52. h7 a4 53. Rxb4 axb3 54. cxb3 Kc5 55. a3 Kd5 56. h8=Q Ke6 57. Qh5 Kd7 58. Qc5 Ke6 59. Rb6+ Kd7 60. Qc6+ Kd8 61. Qb7 1-0


[Site "https://www.chess.com"]

[Event "Titled Tuesday Blitz August 16 Late 2022"]
[White "Rustemov, Alexander"]
[Black "Andreikin, Dmitry"]
[WhiteFideId "4119002"]
[BlackFideId "4158814"]
[WhiteElo "2793"]
[BlackElo "2736"]
[Result "0-1"]
[Round "03"]
[TimeControl "180+1"]
[Date "2022.08.16"]
[WhiteClock "0:00:01"]
[BlackClock "0:00:13"]

1. d4 Nf6 2. c4 g6 3. Nf3 Bg7 4. g3 b6 5. Bg2 Bb7 6. O-O O-O 7. Bf4 d6 8. Nc3 Ne4 9. Nxe4 Bxe4 10. Qd2 c5 11. Bh6 Nd7 12. Rfd1 Nf6 13. Bxg7 Kxg7 14. Rac1 Qb8 15. b3 Qb7 16. Ne1 Rad8 17. Bxe4 Nxe4 18. Qe3 Nf6 19. Nf3 Qe4 20. Qxe4 Nxe4 21. Kg2 f5 22. Nd2 Nf6 23. Nf3 h6 24. Ne1 g5 25. f3 e5 26. dxc5 dxc5 27. Nd3 Rfe8 28. Nf2 f4 29. Rxd8 Rxd8 30. Rd1 Rxd1 31. Nxd1 Kf7 32. Nc3 Ke6 33. Kf2 h5 34. e3 fxg3+ 35. hxg3 e4 36. f4 gxf4 37. gxf4 Ng4+ 38. Kg3 Nxe3 39. Nxe4 Nf5+ 40. Kf3 Nd4+ 41. Kg3 Ne2+ 42. Kf3 Nc1 43. Nc3 Kf5 44. Kg3 h4+ 45. Kxh4 Kxf4 46. Nb5 a5 47. Nc7 Nxa2 48. Nd5+ Ke5 49. Nxb6 Nc1 50. Na4 Kd4 51. Kg5 Nxb3 52. Kf4 Nd2 0-1


[Site "https://www.chess.com"]

[Event "Titled Tuesday Blitz August 16 Late 2022"]
[White "Sailer, Mike"]
[Black "Graif, William"]
[WhiteFideId "2012901"]
[BlackFideId "2609835"]
[WhiteElo "2109"]
[BlackElo "1942"]
[Result "0-1"]
[Round "03"]
[TimeControl "180+1"]
[Date "2022.08.18"]
[WhiteClock "0:00:00"]
[BlackClock "0:00:00"]

1. d4 Nf6 2. Nc3 d5 3. Bf4 Nc6 4. Qd2 e6 5. a3 Bd6 6. Bxd6 cxd6 7. f3 O-O 8. e4 dxe4 9. fxe4 e5 10. d5 Nd4 11. O-O-O b5 12. Nf3 Bg4 13. Nxd4 exd4 14. Qxd4 Bxd1 15. Nxd1 Re8 16. Bd3 a5 17. Ne3 b4 18. a4 Rc8 19. Kb1 Qc7 20. Nf5 Red8 21. Rf1 Ne8 22. Bb5 f6 23. Rf3 Qxc2+ 24. Ka1 Rc7 25. Rg3 b3 26. Bd3 Qc1+ 27. Bb1 Rc2 28. Nh6+ Kf8 29. Ng4 Rc4 30. Qa7 Rxa4# 0-1


[Site "https://www.chess.com"]

[Event "Titled Tuesday Blitz August 16 Late 2022"]
[White "Senthil Maran K"]
[Black "Oparin, Grigoriy"]
[WhiteFideId "25035681"]
[BlackFideId "24125890"]
[WhiteElo "2124"]
[BlackElo "2639"]
[Result "0-1"]
[Round "03"]
[TimeControl "180+1"]
[Date "2022.08.16"]
[WhiteClock "0:00:02"]
[BlackClock "0:00:41"]

1. g3 c5 2. c4 g6 3. Bg2 Bg7 4. Nf3 Nc6 5. O-O d6 6. Nc3 h5 7. h4 Bf5 8. d3 Qd7 9. Bd2 Nh6 10. a3 Ng4 11. b4 cxb4 12. axb4 Nxb4 13. Qa4 Nc6 14. Rfb1 O-O 15. Ra3 Rfc8 16. Rab3 b6 17. Nd5 Rab8 18. Bc3 Be6 19. Bxg7 Kxg7 20. Ng5 Bxd5 21. Bxd5 e6 22. Bg2 Nce5 23. Qxd7 Nxd7 24. Ra1 Rc7 25. Rba3 a5 26. Rb1 Ngf6 27. Rab3 Kf8 28. Nf3 e5 29. Nd2 Ke7 30. R1b2 Ra7 31. Nb1 Nc5 32. Ra3 d5 33. Nc3 dxc4 34. dxc4 e4 35. f3 exf3 36. Bxf3 Kf8 37. Bd5 Kg7 38. e4 Ng4 39. Ra1 Ne5 40. Rab1 a4 41. Rxb6 Rxb6 42. Rxb6 a3 43. Na2 Ned3 44. Kf1 Re7 45. Ke2 f5 46. Ke3 Nb2 47. Kd4 Nxe4 48. Rb5 Nxg3 49. Ra5 Ne2+ 50. Kc5 Re3 51. Kd6 f4 52. c5 f3 53. c6 f2 54. Bg2 Nc4+ 0-1


[Site "https://www.chess.com"]

[Event "Titled Tuesday Blitz August 16 Late 2022"]
[White "Shapiro, Daniel"]
[Black "Martic, Ivan"]
[WhiteFideId "2001780"]
[BlackFideId "929301"]
[WhiteElo "2284"]
[BlackElo "2264"]
[Result "0-1"]
[Round "03"]
[TimeControl "180+1"]
[Date "2022.08.18"]
[WhiteClock "0:00:00"]
[BlackClock "0:00:00"]

1. d4 d5 2. c4 c6 3. Nf3 Nf6 4. Qb3 dxc4 5. Qxc4 Bf5 6. Nc3 e6 7. g3 Nbd7 8. Bg2 Be7 9. O-O O-O 10. Nd2 Nb6 11. Qb3 Qxd4 12. e4 Bg6 13. a3 Rfd8 14. Rd1 Bh5 15. Nf3 Qc4 16. Qc2 Rxd1+ 17. Qxd1 Nxe4 18. Nxe4 Qxe4 19. h3 Rd8 20. Nd2 Qxg2+ 0-1


[Site "https://www.chess.com"]

[Event "Titled Tuesday Blitz August 16 Late 2022"]
[White "Shimanov, Aleksandr"]
[Black "Putnam, Liam"]
[WhiteFideId "4198603"]
[BlackFideId "30938279"]
[WhiteElo "2605"]
[BlackElo "2035"]
[Result "1-0"]
[Round "03"]
[TimeControl "180+1"]
[Date "2022.08.16"]
[WhiteClock "0:00:47"]
[BlackClock "0:00:02"]

1. e4 e5 2. Nf3 Nc6 3. Nc3 Nf6 4. h3 Bc5 5. Nxe5 Nxe5 6. d4 Bd6 7. dxe5 Bxe5 8. Bd3 O-O 9. O-O Re8 10. Re1 d6 11. Bd2 c6 12. Kh1 Be6 13. f4 Bd4 14. Qf3 Qb6 15. Rab1 Rad8 16. b4 d5 17. e5 Bxc3 18. Bxc3 Ne4 19. Bxe4 dxe4 20. Qxe4 Bxa2 21. Ra1 Bd5 22. Qe2 g6 23. f5 gxf5 24. Qh5 Re6 25. Qg5+ Rg6 26. Qxf5 Rxg2 27. Re4 Qf2 28. Qxf2 Rxf2 29. Kg1 Rxc2 30. Rg4+ Kf8 31. Bd4 b6 32. Rxa7 c5 33. Be3 Rb8 34. Bh6+ Ke8 35. Rg8# 1-0


[Site "https://www.chess.com"]

[Event "Titled Tuesday Blitz August 16 Late 2022"]
[White "Silvestre, Christian"]
[Black "Stanojoski, Zvonko"]
[WhiteFideId "30956269"]
[BlackFideId "15000257"]
[WhiteElo "1942"]
[BlackElo "2364"]
[Result "1/2-1/2"]
[Round "03"]
[TimeControl "180+1"]
[Date "2022.08.18"]
[WhiteClock "0:00:00"]
[BlackClock "0:00:00"]

1. Nf3 d5 2. c3 c5 3. d4 e6 4. Bf4 Bd6 5. Bg3 Nf6 6. Nbd2 O-O 7. e3 Qc7 8. Ne5 Nfd7 9. Nxd7 Nxd7 10. Bxd6 Qxd6 11. Nf3 h6 12. Bd3 Qb6 13. Qc2 c4 14. Be2 Re8 15. O-O e5 16. dxe5 Nxe5 17. Rad1 Qc5 18. Rd4 Nc6 19. Rd2 Be6 20. Rfd1 b5 21. Nd4 Ne5 22. Nf3 Nc6 23. Nd4 Ne7 24. Bf3 Rad8 25. h3 a5 26. Nxe6 fxe6 27. e4 Rf8 28. Bg4 Qb6 29. Re2 Rf6 30. exd5 Rxd5 31. Rde1 Rd6 32. Qe4 Nf5 33. Qa8+ Kh7 34. Bxf5+ Rxf5 35. Qe8 Rf6 36. Qh5 b4 37. Qg4 bxc3 38. bxc3 Qc6 39. Re4 Rg6 40. Qe2 Rd3 41. Qc2 Rxh3 42. Rg4 Rd3 43. Rxg6 Kxg6 44. Re3 Qd5 45. Rg3+ Kf7 46. Rg4 Qe5 47. Qc1 Rxc3 48. Qb1 Qf5 49. Qb7+ Ke8 50. Qc8+ Ke7 51. Rxg7+ Kf6 52. Qf8+ Ke5 53. Qc5+ Kf6 54. Qf8+ Ke5 55. Qc5+ Kf6 56. Qf8+ 1/2-1/2


[Site "https://www.chess.com"]

[Event "Titled Tuesday Blitz August 16 Late 2022"]
[White "So, Wesley"]
[Black "Goltsev, Dmitry"]
[WhiteFideId "5202213"]
[BlackFideId "24176710"]
[WhiteElo "2763"]
[BlackElo "2258"]
[Result "1-0"]
[Round "03"]
[TimeControl "180+1"]
[Date "2022.08.16"]
[WhiteClock "0:00:49"]
[BlackClock "0:00:32"]

1. e4 e6 2. d4 d5 3. e5 c5 4. c3 Nc6 5. Nf3 Nge7 6. Na3 Nf5 7. Nc2 cxd4 8. cxd4 h5 9. Bd3 Be7 10. h4 Qb6 11. g3 Bd7 12. Kf1 f6 13. exf6 Bxf6 14. Bxf5 exf5 15. Bf4 O-O-O 16. Kg2 Rde8 17. Ne3 Be6 18. Rc1 Qxb2 19. Qa4 Qb6 20. Rc5 Be7 21. Rxc6+ bxc6 22. Rb1 Kb7 23. Ne5 Rc8 24. Rxb6+ axb6 25. Qc2 c5 26. Nxf5 cxd4 27. Qd3 Bc5 28. Nxg7 Bg4 29. Nxg4 hxg4 30. Ne6 Rhe8 31. Nxd4 Re4 32. Nb3 Rd8 33. Nxc5+ bxc5 34. Qb5+ Ka8 35. Qa6# 1-0


[Site "https://www.chess.com"]

[Event "Titled Tuesday Blitz August 16 Late 2022"]
[White "Stanisz, Patryk"]
[Black "Winkels, Marcel"]
[WhiteFideId "1123106"]
[BlackFideId "1003887"]
[WhiteElo "1833"]
[BlackElo "1900"]
[Result "1-0"]
[Round "03"]
[TimeControl "180+1"]
[Date "2022.08.18"]
[WhiteClock "0:00:00"]
[BlackClock "0:00:00"]

1. Nf3 Nf6 2. d4 g6 3. c4 Bg7 4. Nc3 d5 5. Qb3 dxc4 6. Qxc4 O-O 7. Bf4 Na6 8. e4 Nh5 9. Be3 Bg4 10. Be2 Qd6 11. O-O Nf4 12. Bd1 Bxf3 13. Bxf3 e5 14. dxe5 Qxe5 15. Rad1 Rad8 16. Qb5 Qxb5 17. Nxb5 c6 18. Bxf4 cxb5 19. b3 b4 20. Be2 Rxd1 21. Rxd1 Re8 22. f3 Nc5 23. Bb5 Rc8 24. Be3 b6 25. Bc4 Ne6 26. Rd7 a5 27. Bxb6 a4 28. Ba5 Bc3 29. Kf2 a3 30. Rb7 Nc5 31. Rb5 Nd7 32. Bxb4 Bxb4 33. Rxb4 Ne5 34. Ra4 Rc7 35. Ke3 Kg7 36. h3 g5 37. g3 Rd7 38. f4 Nxc4+ 39. bxc4 gxf4+ 40. gxf4 Rd1 41. Rxa3 Rc1 42. Kd4 Rd1+ 43. Ke5 Rc1 44. Kd5 Rd1+ 45. Kc6 Rc1 46. c5 Rb1 47. Kd6 Rd1+ 48. Kc7 Rd4 49. c6 Rxe4 50. Kb6 Rxf4 51. Rg3+ Kf6 52. Rc3 Rb4+ 53. Ka7 1-0


[Site "https://www.chess.com"]